 Dungeon Crawl Stone Soup version 0.31-a0-267-g3fc6992b3b (webtiles) character file.

Game seed: 216828041893801495

250 qw the Shooter (level 6, -5/37 HPs)
             Began as a Gargoyle Hexslinger on July 14, 2023.
             Slain by an iguana (11 damage)
             ... on level 4 of the Dungeon.
             The game lasted 00:00:57 (2409 turns).

qw the Shooter (Gargoyle Hexslinger)                Turns: 2409, Time: 00:00:58

Health: -5/37      AC: 11    Str: 11    XL:     6   Next: 13%
Magic:  7/7        EV: 11    Int: 14    God:
Gold:   167        SH:  0    Dex: 14    Spells: 6/7 levels left

rFire   . . .        Y - +1 sling
rCold   . . .        (no shield)
rNeg    + . .        a - +3 leather armour
rPois   inf          e - +0 helmet
rElec   +            (no cloak)
rCorr   .            (no gloves)
SInv    .            (no boots)
Will    .....        (no amulet)
Stlth   +            (no ring)
HPRegen 0.26/turn    (no ring)
MPRegen 0.10/turn

%: no passive effects
@: no status effects
A: sickness immunity, AC +4, negative energy resistance 1, electricity
resistance, torment resistance 1, petrification resistance
a: no special abilities


You were on level 4 of the Dungeon.
You visited 1 branch of the dungeon, and saw 4 of its levels.

You collected 167 gold pieces.


Innate Abilities, Weirdness & Mutations

You are immune to sickness and miasma.
Your stone body is resilient. (AC +4)
You are immune to poison.
You resist negative energy. (rN+)
You are resistant to electric shocks. (rElec)
You are resistant to unholy torment.
You are immune to petrification.


   Skills:
 - Level 3.0 Fighting
 + Level 5.5 Ranged Weapons
 - Level 1.0 Armour
 - Level 1.5 Dodging
 - Level 1.0 Spellcasting
 - Level 2.6 Hexes


You had 6 spell levels left.
You knew the following spells:

 Your Spells              Type           Power      Damage    Failure   Level
a - Slow                  Hex            32%        N/A       12%         1

Your spell library contained the following spells:

 Spells                   Type           Power      Damage    Failure   Level
 Inner Flame              Hex/Fire       4%         N/A       52%         3
 Portal Projectile        Hex/Tloc       8%         N/A       52%         3
 Cause Fear               Hex            4%         N/A       75%         4

Inventory:

Hand Weapons
 Y - a +1 sling (weapon)
Armour
 a - a +3 leather armour (worn)
 e - a +0 helmet (worn)
 i - a +0 pair of boots
Jewellery
 j - a ring of magical power
 k - a ring of protection from cold
Scrolls
 b - 2 scrolls of identify
 d - a scroll of teleportation
 l - a scroll of fear {unknown}
Potions
 c - 2 potions of curing
 f - a potion of cancellation {unknown}
 g - a potion of berserk rage {unknown}
 h - a potion of enlightenment {unknown}

Dungeon Overview and Level Annotations

Branches:
Dungeon (4/15)
 Temple: D:4-7

Altars:
Cheibriados
Dithmenos
Hepliaklqana
The Shining One


Message History

Enter note:
2379 ||| STILL FLEEEEING.
2380 ||| STILL FLEEEEING.
2381 ||| STILL FLEEEEING.
You start resting.
HP restored.
You shoot a sling bullet.
The sling bullet closely misses the iguana.
You shoot a sling bullet.
The sling bullet barely misses the iguana.
You shoot a sling bullet. The sling bullet hits the iguana.
The iguana is lightly wounded.
You shoot a sling bullet.
The sling bullet hits the iguana but does no damage.
The iguana is lightly wounded.
You shoot a sling bullet. The sling bullet hits the iguana.
The iguana is moderately wounded.
The iguana bites you!
You shoot a sling bullet. The sling bullet hits the iguana.
The iguana is heavily wounded.
The iguana bites you.
You shoot a sling bullet.
The sling bullet hits the iguana but does no damage.
The iguana is heavily wounded.
The iguana barely misses you.
You shoot a sling bullet.
The sling bullet hits the iguana but does no damage.
The iguana is heavily wounded.
The iguana bites you!
You shoot a sling bullet.
The sling bullet barely misses the iguana.
The iguana closely misses you.
You shoot a sling bullet.
The sling bullet hits the iguana but does no damage.
The iguana is heavily wounded.
The iguana bites you.
You shoot a sling bullet. The sling bullet hits the iguana.
The iguana is heavily wounded.
The iguana bites you! x2
You die...

###.##.##.# #.#.%.#.#
###.#
.##.......###.......#
#.##
..#...........#...###
#.#. ..))......###.##.##
#.#. ..#..##...#......#
#... .##..#......#.####
#### ###. .##..#......#.#
....# #.
###..#......#.#####.....#
#.
#.............@l.......
##
######.#..#.#####.....#
#.#..#.#### ....#
#.#.......# ###.
#.#.##.##.###
###.#.##......#
##.#...........#
#.#....###.....# ##.#####
#.....#


You could see an iguana.

Vanquished Creatures
  A phantom (D:4)
  A jelly (D:4)
  Jessica (D:3)
  An iguana (D:4)
  4 adders
  A worm (D:2)
  2 dart slugs
  4 orcs
  5 ball pythons
  2 bats
  4 endoplasms
  2 giant cockroaches
  3 goblins
  7 hobgoblins
  4 jackals
  2 quokkas (D:3)
  2 frilled lizards (D:1)
  5 kobolds
  3 rats
54 creatures vanquished.

Notes
Turn   | Place    | Note
-------+----------+-------------------------------------------
     0 | D:1      | qw the Gargoyle Hexslinger began the quest for the Orb.
     0 | D:1      | Reached XP level 1. HP: 12/12 MP: 2/2
     0 | D:1      | 0 ||| qw: Version: 0.3-a-52-g30416fa
     0 | D:1      | 0 ||| qw: Game counter: 7794
     0 | D:1      | 0 ||| qw: Melee chars always use a shield: true
     0 | D:1      | 0 ||| qw: God list: Okawaru
     0 | D:1      | 0 ||| qw: Allow faded altars: false
     0 | D:1      | 0 ||| qw: Do Orc after clearing Dungeon:15 true
     0 | D:1      | 0 ||| qw: Do second Lair branch before Depths: true
     0 | D:1      | 0 ||| qw: Lair rune preference: random
     0 | D:1      | 0 ||| qw: Goals: Normal
     0 | D:1      | 0 ||| PLANNING D:1-11
   153 | D:1      | Reached XP level 2. HP: 16/16 MP: 3/3
   484 | D:1      | Reached skill level 3 in Ranged Weapons
   562 | D:1      | 562 ||| UPGRADING to +0 leather armour.
   572 | D:1      | 572 ||| DROPPING +0 robe.
   573 | D:1      | 573 ||| READING scroll labelled DIUNTE DUFO.
   574 | D:1      | 574 ||| DROPPING scroll of poison.
   648 | D:2      | Reached XP level 3. HP: 21/21 MP: 4/4
  1170 | D:2      | 1170 ||| UPGRADING to +0 helmet.
  1175 | D:2      | 1175 ||| UPGRADING to +0 ring mail.
  1185 | D:2      | 1185 ||| DROPPING +0 leather armour.
  1186 | D:2      | 1186 ||| READING scroll labelled CAMATR XUDYO.
  1191 | D:2      | 1191 ||| READING 2 scrolls of identify.
  1191 | D:2      | 1191 ||| IDENTIFYING viscous yellow potion
  1448 | D:3      | Reached skill level 1 in Armour
  1588 | D:3      | Found a hazy altar of Hepliaklqana.
  1588 | D:3      | Found a faded altar of an unknown god.
  1606 | D:3      | Reached XP level 4. HP: 25/26 MP: 5/5
  1617 | D:3      | Found a glowing golden altar of the Shining One.
  1618 | D:3      | Noticed Jessica
  1619 | D:3      | Found a faded altar of an unknown god.
  1626 | D:3      | Killed Jessica
  1627 | D:3      | Reached skill level 4 in Ranged Weapons
  1634 | D:3      | Found a snail-covered altar of Cheibriados.
  1669 | D:3      | 1669 ||| UPGRADING to +3 leather armour.
  1679 | D:3      | 1679 ||| DROPPING +0 ring mail.
  1765 | D:4      | HP: 4/26 [iguana (8)]
  1766 | D:4      | 1766 ||| READING 2 scrolls of teleportation.
  1767 | D:4      | HP: 1/26 [iguana (4)]
  1931 | D:4      | Found a shadowy altar of Dithmenos.
  1962 | D:4      | Noticed a phantom
  1979 | D:4      | Killed a phantom
  1980 | D:4      | Reached skill level 5 in Ranged Weapons
  1980 | D:4      | Reached XP level 5. HP: 24/30 MP: 6/6
  2230 | D:4      | Reached skill level 3 in Fighting
  2304 | D:4      | Reached XP level 6. HP: 37/37 MP: 7/7
  2375 | D:4      | 2375 ||| FLEEEEING.
  2376 | D:4      | 2376 ||| FLEEEEING.
  2409 | D:4      | HP: 6/37 [iguana (11)]
  2409 | D:4      | Slain by an iguana

Levels and vault maps discovered:
D:1:      dpeg_arrival_rooms_with_view, layout_basic,
          hangedman_decor_diamond_cutter
D:2:      layout_basic
D:3:      layout_rooms, chequers_temple_overflow_minitemple, minivault_27,
          uniq_jessica
D:4:      layout_loops_cross, mainiacjoe_overflow_alcove_1

Skill      XL: |  1  2  3  4  5 |
---------------+----------------+-----
Ranged Weapons | 3 5 |  5.5
Fighting       | 2 3 |  3.0
Armour         | 1 |  1.0
Dodging        | |  1.5
Spellcasting   | |  1.0
Hexes          | |  2.6

Action                     |  1- 3 |  4- 6 || total
---------------------------+-------+-------++-------
   Fire: Sling             |   112 |   115 ||   227
    Use: Scroll            |     3 |     1 ||     4
 Armour: Robe              |     1 |       ||     1
         Leather armour    |     5 |    25 ||    30
         Ring mail         |    16 |     1 ||    17
  Dodge: Dodged            |    36 |    53 ||    89

Table legend:
 A = Non-vault XP
 B = Vault XP
 C = Vault XP percentage of total XP
 D = Non-vault monster count
 E = Vault monster count
 F = Vault count percentage of total count
                 A         B        C        D         E       F
            +---------+---------+-------+---------+---------+-------
      Total |     318 |      40 |  11.2 |      51 |       3 |   5.6
            +---------+---------+-------+---------+---------+-------
        D:1 |      16 |       3 |  15.8 |      10 |       2 |  16.7
        D:2 |      40 |       0 |   0.0 |      14 |       0 |   0.0
        D:3 |      32 |      37 |  53.6 |      11 |       1 |   8.3
        D:4 |     230 |       0 |   0.0 |      16 |       0 |   0.0
            +---------+---------+-------+---------+---------+-------
